 Dungeon Crawl Stone Soup version 0.32-a0-953-g508020473e (webtiles) character file.

Game seed: 8109550291615818111

9655 voltaire321 the Toxicologist (level 11, -3/85 HPs)
             Began as a Demonspawn Alchemist on Apr 16, 2024.
             Was a Priest of Wu Jian.
             Slain by a skyshark (24 damage)
             ... on level 1 of the Lair of Beasts on Apr 17, 2024.
             The game lasted 00:41:17 (11215 turns).

voltaire321 the Toxicologist (DsAl)                Turns: 11215, Time: 00:41:17

Health: -3/85      AC: 20    Str: 12    XL:     11   Next: 25%
Magic:  18/27      EV: 14    Int: 13    God:    Wu Jian [***...]
Gold:   627        SH:  5    Dex: 13    Spells: 15/20 levels left

rFire   + . .        L - +4 quarterstaff of Blind Justice {flame, rPois rF+ Will+++ Int-4}
rCold   . . .        (shield currently unavailable)
rNeg    + . .        F - +0 steam dragon scales
rPois   +            (helmet unavailable)
rElec   .            I - +0 cloak
rCorr   .            r - +1 pair of gloves
SInv    +            i - +0 pair of boots
Will    +++..        E - amulet "Yckuer Buru" {Reflect MP+9 SH+5}
Stlth   ++           k - ring of positive energy
HPRegen 0.34/turn    (no ring)
MPRegen 0.20/turn

%: reflection
@: sanguine armoured
A: antennae 3, powered by death 1, sanguine armour 2
a: Renounce Religion, Wall Jump, Serpent's Lash


You were on level 1 of the Lair of Beasts.
You worshipped Wu Jian.
Wu Jian was most pleased with you.
You visited 3 branches of the dungeon, and saw 11 of its levels.
You also visited: Ossuary and Bailey.

You collected 627 gold pieces.

Inventory:

Hand Weapons
 o - a +2 dagger of flaming
 C - a +5 dagger
 D - a +1 executioner's axe
 J - a +3 flail of freezing
 L - the +4 quarterstaff of Blind Justice (weapon) {flame, rPois rF+ Will+++ Int-4}
   (You found it on level 7 of the Dungeon)

   Int-4:     It affects your intelligence (-4).
   rF+:       It protects you from fire.
   rPois:     It protects you from poison.
   Will+++:   It greatly increases your willpower.
Missiles
 N - a curare-tipped dart
Armour
 i - a +0 pair of boots (worn)
 r - a +1 pair of gloves (worn)
 F - +0 steam dragon scales (worn)
 I - a +0 cloak (worn)
Jewellery
 k - a ring of positive energy (left hand)
 w - a ring of flight
 E - the amulet "Yckuer Buru" (around neck) {Reflect MP+9 SH+5}
   (You found it on level 6 of the Dungeon)

   [amulet of reflection]

   Reflect:   It reflects blocked missile attacks.
   MP+9:      It affects your magic capacity (+9).
   SH+5:      It affects your SH (+5).
Wands
 q - a wand of paralysis (8)
 M - a wand of flame (9)
Scrolls
 e - 4 scrolls of identify
 g - 7 scrolls of teleportation
 j - a scroll of enchant weapon
 l - a scroll of immolation
 m - 3 scrolls of vulnerability
 p - 2 scrolls of fear
 t - 2 scrolls of fog {unknown}
 v - a scroll of torment {unknown}
 y - a scroll of poison {unknown}
 z - a scroll of enchant armour
 A - a scroll of amnesia
 G - a scroll of summoning {unknown}
 H - a scroll of blinking
Potions
 b - 5 potions of magic
 c - 5 potions of heal wounds
 d - 6 potions of curing
 f - 4 potions of enlightenment
 s - 2 potions of lignification
 u - 5 potions of might
 x - 3 potions of mutation
 B - 4 potions of haste
 O - a potion of invisibility


   Skills:
 + Level 7.6 Fighting
 + Level 7.0 Armour
 + Level 7.2 Dodging
 - Level 1.7 Stealth
 - Level 5.0 Spellcasting
 - Level 1.0 Conjurations
 * Level 11.1 Alchemy


You had 15 spell levels left.
You knew the following spells:

 Your Spells              Type           Power      Damage    Failure   Level
a - Sting                 Conj/Alch      76%        1d7       1%          1
b - Olgreb's Toxic Radia  Alch           32%        N/A       1%          4

Your spell library contained the following spells:

 Spells                   Type           Power      Damage    Failure   Level
 Mercury Vapours          Alch/Air       34%        N/A       3%          2
 Mephitic Cloud           Conj/Alch/Air  13%        N/A       11%         3
 Shock                    Conj/Air       16%        1d4       16%         1
 Leda's Liquefaction      Alch/Erth      8%         N/A       19%         4
 Petrify                  Alch/Erth      17%        N/A       19%         4
 Sticky Flame             Fire/Alch      17%        2d5       19%         4
 Swiftness                Air            3%         N/A       50%         3
 Airstrike                Air            1%         2d(1-17)  88%         4
 Metabolic Englaciation   Hex/Ice        1%         N/A       99%         5


Dungeon Overview and Level Annotations

Branches:
Dungeon (9/15)             Temple (1/1) D:6            Lair (1/5) D:9
Ossuary (visited)          Bailey (visited)
    Orc: D:9-12

Altars:
Ashenzari
Cheibriados
Dithmenos
Fedhas
Gozag
Hepliaklqana
Kikubaaqudgha
Makhleb
Nemelex Xobeh
Qazlal
Trog
Uskayaw
Wu Jian
Yredelemnul

Shops:
D:5 (   D:9 (


Innate Abilities, Weirdness & Mutations

You have a pair of large antennae on your head. (SInv)
You regenerate a little health from kills.
When seriously injured, your blood forms thick armour. (AC +9)


Message History

The skyshark tail-slaps you!
* * * LOW HITPOINT WARNING * * *
You feel much better. The skyshark barely misses you.
You block the skyshark's attack. The skyshark barely misses you.
You closely miss the skyshark.
The skyshark is heavily wounded.
The skyshark completely misses you. The skyshark barely misses you. x3
The skyshark tail-slaps you. You block the skyshark's attack.
You hit the skyshark but do no damage.
The skyshark is heavily wounded.
The skyshark barely misses you. The skyshark tail-slaps you.
* * * LOW HITPOINT WARNING * * *
You block the skyshark's attack. The skyshark bites you.
* * * LOW HITPOINT WARNING * * *
The skyshark tail-slaps you.
* * * LOW HITPOINT WARNING * * *
The skyshark tail-slaps you!
* * * LOW HITPOINT WARNING * * *
You feel much better.
The skyshark bites you but does no damage.
The skyshark closely misses you. x2
An elephant comes into view.
The skyshark bites you but does no damage.
The skyshark tail-slaps you.
* * * LOW HITPOINT WARNING * * *
The skyshark barely misses you.
You hit the skyshark. You burn the skyshark.
The skyshark is heavily wounded.
The skyshark closely misses you. The skyshark completely misses you.
The skyshark tail-slaps you but does no damage.
The skyshark barely misses you. You block the skyshark's attack.
The skyshark misses you.
You sock the skyshark! You burn the skyshark.
The skyshark is heavily wounded.
The skyshark misses you.
The skyshark tail-slaps you but does no damage.
The skyshark tail-slaps you.
* * * LOW HITPOINT WARNING * * *
The skyshark bites you!!
You die...

****,**,,,*,,,,,,*,,,,,,*,,,,,,*,
,,,,,,,,,..##.####......#,*,,,**,
,,,,,,,,,................,,,,,,,,
,,,,,,,,,................,,,,,,,,
,,,,,,,,,....~...........,,,,,,,,
,,,,,,,,,..≈≈~~..+#......,,,,,,,,
,,,,,,,,,.~≈≈~~~.........,,,,,,,,
,,,,,,,,,.~≈≈≈≈~.......#**,*,***,
,****,,,,.~≈≈≈~F@......#,,,,,,,,,
*,***,,,,)≈≈≈≈~≈.......#,,,,,,,*,
,,,**,,,,.~≈≈≈≈~~.#....#,,,,,,,*,
,,,,,,,,,..~≈≈≈≈~.#....#,,,,,,,*,
,****,,,,..~~~≈~.......#,,,,,,,,,
*,***,,,,....~~~~.#..{...*+*****,
,,,,,,,,,..##...###......,,,,,,,,
,,,,,,,,,................,,,,,,,,
,,,,,,,,,,,,,,,,,,,,,,,,,,,,,,,,,


You could see a skyshark (berserk, very poisoned).

Vanquished Creatures
  Erolcha (D:9)
  2 two-headed ogres (D:9)
  An orc knight (Bailey)
  A kobold demonologist (D:9)
  A komodo dragon (Lair:1)
  A hornet (D:9)
  9 yaks
  A wraith (D:7)
  A wyvern (D:8)
  A steam dragon (D:8)
  5 water moccasins
  4 black bears
  4 centaurs
  A sky beast (D:7)
  2 phantoms
  6 kobold brigands
  A weeping skull (Ossuary)
  A gnoll sergeant (D:8)
  5 bullfrogs
  4 scorpions
  3 elf skeletons (D:5)
  A water moccasin zombie (Ossuary)
  18 wights
  3 killer bees (D:9)
  2 bullfrog zombies (Ossuary)
  5 centaur zombies
  A bombardier beetle (D:5)
  A human zombie (D:5)
  5 orc priests
  2 jellies (D:5)
  4 iguanas
  2 sleepcaps (D:6)
  A human skeleton (D:5)
  Ijyb (D:3)
  3 orc wizards
  An ogre zombie (Ossuary)
  2 howler monkey zombies (D:8)
  22 gnolls
  10 adders
  2 white imps
  5 adder zombies (Ossuary)
  27 orcs
  7 endoplasms
  2 giant cockroaches (D:1)
  2 gnoll zombies (Ossuary)
  11 goblins
  6 hobgoblins
  15 jackals
  A quokka (D:4)
  3 ball pythons
  6 bats
  2 frilled lizards (D:2)
  7 goblin zombies (Ossuary)
  A hobgoblin zombie (Ossuary)
  20 kobolds
  5 orc zombies
  10 rats
271 creatures vanquished.

Vanquished Creatures (others)
  An orc wizard (D:8)
  An orc (D:8)
2 creatures vanquished.

Grand Total: 273 creatures vanquished

Notes
Turn   | Place    | Note
-------+----------+-------------------------------------------
     0 | D:1      | voltaire321 the Demonspawn Alchemist began the quest for
                  | the Orb.
     0 | D:1      | Reached XP level 1. HP: 13/13 MP: 3/3
   277 | D:1      | Gained mutation: You have a pair of small antennae on your
                  | head. [demonic ancestry]
   277 | D:1      | Reached XP level 2. HP: 20/20 MP: 3/5
  1085 | D:1      | Reached skill level 1 in Fighting
  1116 | D:1      | Gained mutation: You have a pair of antennae on your head.
                  | [demonic ancestry]
  1116 | D:1      | Reached XP level 3. HP: 26/26 MP: 3/6
  1697 | D:2      | Reached skill level 1 in Armour
  2198 | D:3      | Noticed Ijyb
  2313 | D:3      | Gained mutation: When seriously injured, your blood forms
                  | armour. (AC +9) [demonic ancestry]
  2313 | D:3      | Reached XP level 4. HP: 30/32 MP: 5/7
  2682 | D:3      | Paralysed by Ijyb for 3 turns
  2688 | D:3      | Killed Ijyb
  2833 | D:3      | Learned a level 4 spell: Olgreb's Toxic Radiance
  3214 | D:4      | Gained mutation: You regenerate a little health from kills.
                  | [demonic ancestry]
  3214 | D:4      | Reached XP level 5. HP: 29/38 MP: 3/9
  3690 | D:4      | Found a hide-covered altar of Uskayaw.
  3705 | D:4      | Found a sparkling altar of Nemelex Xobeh.
  3780 | D:4      | Found a burning altar of Makhleb.
  3868 | D:5      | Entered Level 5 of the Dungeon
  3982 | D:5      | Noticed a black bear
  3988 | D:5      | Killed a black bear
  3989 | D:5      | Reached skill level 4 in Alchemy
  3989 | D:5      | Gained mutation: You have a pair of large antennae on your
                  | head. (SInv) [demonic ancestry]
  3989 | D:5      | Reached XP level 6. HP: 37/44 MP: 5/10
  4072 | D:5      | Found a sand-covered staircase.
  4095 | Ossuary  | Entered an ossuary
  4387 | Ossuary  | Gained mutation: When seriously injured, your blood forms
                  | thick armour. (AC +9) [demonic ancestry]
  4387 | Ossuary  | Reached XP level 7. HP: 27/51 MP: 7/12
  4398 | Ossuary  | Reached skill level 5 in Alchemy
  4816 | Ossuary  | Noticed a silent spectre
  5125 | D:5      | Found Tiphof's Weapon Emporium.
  5268 | D:5      | Reached XP level 8. HP: 51/59 MP: 9/13
  5718 | D:5      | Reached skill level 6 in Alchemy
  6189 | D:6      | Identified the amulet "Yckuer Buru" {Reflect MP+9 SH+5}
  6618 | D:6      | Reached skill level 7 in Alchemy
  6782 | D:6      | Found a staircase to the Ecumenical Temple.
  6811 | Temple   | Entered the Ecumenical Temple
  7187 | D:7      | Found an ornate altar of the Wu Jian Council.
  7193 | D:7      | Became a worshipper of the Wu Jian Council
  7235 | D:7      | Reached XP level 9. HP: 55/66 MP: 16/16
  7486 | D:7      | Reached skill level 5 in Fighting
  7499 | D:7      | Identified the +4 quarterstaff of Blind Justice {flame,
                  | rPois rF+ Will+++ Int-4}
  7523 | D:7      | Reached skill level 5 in Spellcasting
  7753 | D:6      | Upgraded the game from 0.32-a0-938-g40ac7a0f4d to
                  | 0.32-a0-953-g508020473e
  8033 | D:7      | Reached skill level 5 in Dodging
  8170 | D:7      | Reached skill level 8 in Alchemy
  8547 | D:7      | Reached skill level 5 in Armour
  8888 | D:8      | Reached * piety under Wu Jian
  9011 | D:8      | Reached skill level 9 in Alchemy
  9011 | D:8      | Reached XP level 10. HP: 76/76 MP: 17/17
  9087 | D:8      | Found a flagged portal.
  9098 | Bailey   | Entered a bailey
  9170 | Bailey   | Reached ** piety under Wu Jian
  9330 | Bailey   | Noticed an orc knight
  9368 | Bailey   | Killed an orc knight
  9838 | D:8      | Found a stormy altar of Qazlal.
  9838 | D:8      | Found a blossoming altar of Fedhas.
  9847 | D:8      | Found a snail-covered altar of Cheibriados.
  9849 | D:8      | Found a broken altar of Ashenzari.
  9850 | D:8      | Found a faded altar of an unknown god.
 10090 | D:9      | Noticed a two-headed ogre
 10098 | D:9      | Killed a two-headed ogre
 10099 | D:9      | Reached skill level 10 in Alchemy
 10238 | D:9      | Found Bazummyneic's Weapon Shop.
 10268 | D:9      | Noticed a two-headed ogre
 10281 | D:9      | Killed a two-headed ogre
 10445 | D:9      | Noticed Erolcha
 10463 | D:9      | Killed Erolcha
 10464 | D:9      | Reached XP level 11. HP: 84/84 MP: 14/18
 10473 | D:9      | Reached *** piety under Wu Jian
 10800 | D:9      | Noticed a sun demon
 10802 | D:9      | Reached skill level 11 in Alchemy
 10863 | D:9      | Found a staircase to the Lair.
 11152 | Lair:1   | Entered Level 1 of the Lair of Beasts
 11200 | Lair:1   | Noticed a skyshark
 11215 | Lair:1   | Slain by a skyshark

Illustrated notes

Levels and vault maps discovered:
D:1:      minmay_arrival_solitary_statue, layout_loops_corners
D:2:      layout_loops_ring
D:3:      layout_basic, minmay_fractal_squares_gapless_5, uniq_ijyb
D:4:      layout_basic, minitemple
D:5:      layout_gridville, mainiacjoe_overflow_cross_hatched, serial_shops,
          nicolae_shop_crystal, nicolae_ossuary_entry_catacombs
D:6:      layout_loops_ring, minmay_temple_entry_statues_pillars
D:7:      layout_basic, mainiacjoe_overflow_big_doors
D:8:      layout_basic, chequers_temple_overflow_minitemple, enter_bailey_1,
          serial_undead, serial_undead_b, serial_undead_b, serial_undead_d,
          serial_undead_d
D:9:      layout_basic, due_lair_maze_entry_diamond, serial_shops, shop,
          minmay_unpleasant_kobolds, uniq_erolcha
Temple:   hellmonk_temple_micro_hex
Lair:1:   layout_regular_city, gauntlet_entry_generic, infiniplex_staircase_pool

Skill      XL: |  1  2  3  4  5  6  7  8  9 10 11 |
---------------+----------------------------------+-----
Dodging        | 2 3 4 5 6 7 |  7.2
Fighting       | 1 2 3 4 6 7 |  7.6
Armour         | 1 2 3 4 5 6 7 |  7.0
Spellcasting   | 3 4 5 |  5.0
Alchemy        | 4 5 7 9 10 11 | 11.1
Stealth        | |  1.7
Conjurations   | |  1.0

Action                     |  1- 3 |  4- 6 |  7- 9 | 10-12 || total
---------------------------+-------+-------+-------+-------++-------
  Melee: Dagger            |    25 |   180 |   280 |       ||   485
         Quarterstaff      |       |       |   144 |   187 ||   331
         Flail             |       |       |     4 |       ||     4
   Cast: Sting             |    66 |    77 |    82 |    24 ||   249
         Olgreb's Toxic Ra |       |       |     7 |    25 ||    32
Ability: Lunge             |       |       |     5 |    12 ||    17
  Evoke: Wand              |       |       |    20 |       ||    20
    Use: Scroll            |       |       |     2 |    17 ||    19
         Potion            |       |       |     1 |     2 ||     3
   Stab: Sleeping          |       |     1 |     3 |     8 ||    12
 Armour: Robe              |    27 |   131 |   324 |    38 ||   520
         Steam dragon scal |       |       |       |   125 ||   125
  Dodge: Dodged            |    26 |   117 |   288 |   171 ||   602
  Block: Other             |       |       |    52 |    43 ||    95
         Reflection        |       |       |     4 |       ||     4

Table legend: (Time is in decaauts)
 A = Elapsed time spent in this place.
 B = Non-inter-level travel time spent in this place.
 C = Inter-level travel time spent in this place.
 D = Time resting spent in this place.
 E = Time spent auto-exploring this place.
 F = Levels seen in this place.
 G = Mean time per level.
                   A        B        C        D        E       F      G
               +--------+--------+--------+--------+--------+-----+--------+
         Total |  11323 |  11058 |    265 |   2665 |   5072 |  13 |  871.0 |
       Dungeon |   9914 |   9649 |    265 |   1990 |   4998 |   9 | 1101.6 |
        Temple |      1 |      1 |      0 |      0 |      0 |   1 |    1.0 |
          Lair |     65 |     65 |      0 |     36 |      0 |   1 |   65.0 |
       Ossuary |    757 |    757 |      0 |    391 |     10 |   1 |  757.0 |
        Bailey |    583 |    583 |      0 |    248 |     64 |   1 |  583.0 |
               +--------+--------+--------+--------+--------+-----+--------+

Top non-repeatable levels by time:
     D:7: 1464 daAuts
     D:5: 1455 daAuts
     D:1: 1397 daAuts
     D:6: 1231 daAuts
     D:9: 1090 daAuts
     D:4: 860 daAuts
     D:2: 855 daAuts
     D:3: 831 daAuts
 Ossuary: 757 daAuts
     D:8: 729 daAuts
  Bailey: 583 daAuts
  Lair:1: 65 daAuts
  Temple: 1 daAuts
